 Dungeon Crawl Stone Soup version 0.24.0-41-g2ae2f7f1be (webtiles) character file.

Game seed: 7744382010525828383, levelgen mode: deterministic

1048 Curus the Martial Artist (level 8, 0/50 HPs)
             Began as a Demonspawn Gladiator on Dec 15, 2019.
             Was a Follower of Okawaru.
             Succumbed to a scorpion's poison
             ... on level 6 of the Dungeon.
             The game lasted 00:19:40 (5276 turns).

Curus the Martial Artist (Demonspawn Gladiator)     Turns: 5276, Time: 00:19:41

Health: 0/50       AC:  9    Str: 15    XL:     8   Next: 5%
Magic:  0/8        EV:  7    Int: 10    God:    Okawaru [*.....]
Gold:   175        SH:  0    Dex: 18    Spells: 7/7 levels left

rFire    . . .     SeeInvis .     - Unarmed
rCold    . . .     Gourm    .   (no shield)
rNeg     . . .     Faith    +   m - +0 chain mail
rPois    .         Spirit   +   (helmet restricted)
rElec    .         Reflect  .   j - +0 cloak {MR+}
rCorr    .         Harm     .   (no gloves)
MR       +....                  (no boots)
Stlth    ..........             n - amulet of faith
HPRegen  0.16/turn              (no ring)
MPRegen  0.11/turn              (no ring)

@: lethally poisoned (0 -> -5)
A: antennae 1, claws 1, talons 1, agile 1, frail 1, wild magic 1, magic shield
a: Heroism, Renounce Religion


You were on level 6 of the Dungeon.
You worshipped Okawaru.
Okawaru was aware of your devotion.
You were very hungry.

You visited 2 branches of the dungeon, and saw 7 of its levels.

You collected 345 gold pieces.
You spent 170 gold pieces at shops.

Inventory:

Hand Weapons
 a - a +1 quarterstaff
Missiles
 d - 4 throwing nets (quivered)
Armour
 b - a +0 leather armour
 c - a +0 helmet
 i - a +0 leather armour of poison resistance
 j - a +0 cloak of magic resistance (worn)
 m - a +0 chain mail (worn)
 p - a +1 cloak
Jewellery
 h - a -6 ring of dexterity
 k - an uncursed amulet of inaccuracy
 n - an amulet of faith (around neck)
Wands
 l - a wand of random effects (11)
Scrolls
 e - 5 scrolls of identify
 r - 3 scrolls of remove curse
 t - 3 scrolls of teleportation
Potions
 g - a potion of degeneration
 o - a potion of ambrosia
 q - 2 potions of flight
Comestibles
 f - 7 rations


   Skills:
 - Level 2.0 Fighting
 - Level 3.2 Staves
 - Level 1.7 Throwing
 - Level 2.6 Dodging
 + Level 8.3 Unarmed Combat


You had 7 spell levels left.
You didn't know any spells.
Your spell library contained the following spells:

 Spells                   Type           Power        Failure   Level  Hunger
 Beastly Appendage        Tmut           #.....       100%        1    ##.....
 Corona                   Hex            #......      100%        1    ##.....
 Ensorcelled Hibernation  Hex/Ice        #.....       100%        2    ###....
 Sticks to Snakes         Tmut           #.......     100%        2    ###....
 Confuse                  Hex            #.......     100%        3    ####...
 Dazzling Spray           Conj/Hex       #.....       100%        3    ####...
 Spider Form              Tmut/Pois      #.........   100%        3    ####...
 Tukima's Dance           Hex            #.......     100%        3    ####...
 Ice Form                 Ice/Tmut       #.......     100%        4    #####..
 Blade Hands              Tmut           #.........   100%        5    ######.


Dungeon Overview and Level Annotations

Branches:
Dungeon (6/15)             Temple (1/1) D:4

Altars:
Ashenzari
Cheibriados
Dithmenos
Elyvilon
Fedhas
Gozag
Kikubaaqudgha
Makhleb
Okawaru
Qazlal
Ru
Vehumet
Wu Jian
Xom
Zin
The Shining One

Shops:
D:4 *


Innate Abilities, Weirdness & Mutations

You have a pair of small antennae on your head.
You have sharp fingernails.
You have sharp toenails.
When hurt, damage is shared between your health and your magic reserves.
You are agile. (Dex +2)
You are frail. (-10% HP)
Your spells are a little harder to cast, but a little more powerful.


Message History

The scorpion is almost dead.
* * * LOW HITPOINT WARNING * * *
You feel sick.
You barely miss the scorpion. Your kick misses the scorpion.
The scorpion is almost dead.
* * * LOW HITPOINT WARNING * * *
You feel sick. The scorpion barely misses you.
You scratch the scorpion but do no damage.
You claw the scorpion, but do no damage.
The scorpion is almost dead.
The scorpion stings you.
* * * LOW HITPOINT WARNING * * *
You closely miss the scorpion.
The scorpion is almost dead.
* * * LOW HITPOINT WARNING * * *
You feel sick. The scorpion stings you.
You closely miss the scorpion.
You claw the scorpion, but do no damage.
The scorpion is almost dead.
You die...

####.#.# #
#....#.. #
..)...#.## #
.........# #
.......#.# #
.........## #
..........#
....%..##s##
.....## #)@#
....
##..######## ###
#..........## #
#...####......##
# #..##
###.....#######
...#
##...........
.## ##..##......
#####......
##.....


You could see a scorpion.

Vanquished Creatures
  2 ogres (D:6)
  A centaur (D:6)
  3 crimson imps
  A bullfrog zombie (D:5)
  A jelly (D:5)
  2 orc priests (D:4)
  2 hounds (D:5)
  Crazy Yiuf (D:2)
  A centaur skeleton (D:4)
  A bullfrog skeleton (D:5)
  2 orc wizards
  Terence (D:2)
  5 worker ants
  A hound zombie (D:6)
  4 gnolls (D:5)
  6 adders
  2 oozes (D:3)
  An adder zombie (D:5)
  An adder skeleton (D:4)
  3 worms
  4 leopard geckos
  5 orcs
  A ball python (D:6)
  5 bats
  3 giant cockroaches
  9 goblins
  9 hobgoblins
  13 jackals
  10 kobolds
  4 quokkas
  5 frilled lizards (D:1)
  A quokka skeleton (D:4)
  A rat (D:3)
111 creatures vanquished.

Notes
Turn   | Place    | Note
-------+----------+-------------------------------------------
     0 | D:1      | Curus the Demonspawn Gladiator began the quest for the Orb.
     0 | D:1      | Reached XP level 1. HP: 16/16 MP: 1/1
   214 | D:1      | Gained mutation: You have sharp toenails. [demonic
                  | ancestry]
   214 | D:1      | Reached XP level 2. HP: 18/22 MP: 2/2
   404 | D:1      | Reached skill level 1 in Unarmed Combat
   809 | D:1      | Gained mutation: When hurt, damage is shared between your
                  | health and your magic reserves. [demonic ancestry]
   809 | D:1      | Reached XP level 3. HP: 18/27 MP: 3/3
  1134 | D:2      | Reached skill level 2 in Unarmed Combat
  1149 | D:2      | Noticed Terence
  1155 | D:2      | Killed Terence
  1155 | D:2      | Reached XP level 4. HP: 33/33 MP: 4/4
  1421 | D:2      | Found a blossoming altar of Fedhas.
  1646 | D:2      | Found a runed translucent door.
  1647 | D:2      | Noticed Crazy Yiuf
  1725 | D:2      | Killed Crazy Yiuf
  1725 | D:2      | Reached skill level 3 in Unarmed Combat
  2003 | D:3      | Gained mutation: You are frail. (-10% HP) [potion of
                  | mutation]
  2003 | D:3      | Gained mutation: You are agile. (Dex +2) [potion of
                  | mutation]
  2003 | D:3      | Gained mutation: Your spells are a little harder to cast,
                  | but a little more powerful. [potion of mutation]
  2217 | D:3      | Gained mutation: You have a pair of small antennae on your
                  | head. [demonic ancestry]
  2217 | D:3      | Reached XP level 5. HP: 14/34 MP: 3/5
  2457 | D:3      | Reached skill level 4 in Unarmed Combat
  3107 | D:4      | Reached skill level 5 in Unarmed Combat
  3110 | D:4      | Found Jewas's Assorted Antiques.
  3127 | D:4      | Gained mutation: You have sharp fingernails. [demonic
                  | ancestry]
  3127 | D:4      | Reached XP level 6. HP: 22/39 MP: 4/6
  3140 | D:4      | Bought a dented bone amulet for 110 gold pieces
  3140 | D:4      | Bought a bubbling orange potion for 19 gold pieces
  3140 | D:4      | Bought a bubbling orange potion for 19 gold pieces
  3140 | D:4      | Bought a scroll labeled MIEMUX MAJU for 22 gold pieces
  3352 | D:4      | Found a staircase to the Ecumenical Temple.
  3359 | Temple   | Entered the Ecumenical Temple
  3451 | Temple   | Became a worshipper of Warmaster Okawaru
  3965 | D:5      | Entered Level 5 of the Dungeon
  4029 | D:5      | Reached skill level 6 in Unarmed Combat
  4221 | D:5      | Reached XP level 7. HP: 36/45 MP: 3/7
  4624 | D:5      | Reached * piety under Okawaru
  4633 | D:5      | Reached skill level 7 in Unarmed Combat
  5201 | D:6      | Reached skill level 8 in Unarmed Combat
  5261 | D:6      | Reached XP level 8. HP: 15/50 MP: 2/8
  5274 | D:6      | HP: 2/50 [scorpion (2)]
  5276 | D:6      | Succumbed to a scorpion's poison

Levels and vault maps discovered:
D:1:      minmay_arrival_four_circles, layout_basic, minmay_misc_feat_rugged,
          serial_bayou_pond_b, minmay_unequal
D:2:      layout_loops_cross, lemuel_doored_altar, first_ration, uniq_terence,
          uniq_crazy_yiuf_cottage
D:3:      layout_loops_cross, minmay_hedge_maze
D:4:      layout_loops_ring, minmay_temple_entry_nine_rooms, serial_shops, shop
D:5:      layout_cave_pods, serial_rivers, chequers_serial_rivers_micro_a,
          chequers_serial_rivers_small_a, chequers_serial_rivers_marsh,
          chequers_serial_rivers_marsh, chequers_serial_rivers_micro_a,
          chequers_serial_rivers_large_a
D:6:      layout_cave_pods
Temple:   kilobyte_greek_temple

Skill      XL: |  1  2  3  4  5  6  7 |
---------------+----------------------+-----
Staves         | 3 |  3.2
Unarmed Combat | 1 2 3 5 6 8 |  8.3
Fighting       | |  2.0
Throwing       | |  1.7
Dodging        | |  2.6

Action                   |  1- 3 |  4- 6 |  7- 9 || total
-------------------------+-------+-------+-------++-------
Melee: Quarterstaff      |    76 |    24 |       ||   100
       Kick              |     7 |    63 |    34 ||   104
       Unarmed           |       |   221 |    93 ||   314
       Punch             |       |     2 |     1 ||     3
Invok: Heroism           |       |       |     1 ||     1
  Use: Scroll            |     4 |     4 |     1 ||     9
       Potion            |       |     6 |     1 ||     7
 Stab: Sleeping          |     1 |       |       ||     1
  Eat: Chunk             |     1 |     4 |     1 ||     6
       Ration            |       |     2 |       ||     2
Armor: Leather armour    |    17 |    35 |       ||    52
       Chain mail        |       |    72 |    36 ||   108
Dodge: Dodged            |    55 |   115 |    29 ||   199
